 Dungeon Crawl Stone Soup version 0.25.1-2-g60ff931df9 (webtiles) character file.

Game seed: 5076287821284328760

35 JakoBeide the Skirmisher (level 3, -1/29 HPs)
             Began as a Demonspawn Abyssal Knight on Nov 18, 2020.
             Was a Follower of Lugonu.
             Slain by a worm (8 damage)
             ... on level 2 of the Dungeon.
             The game lasted 00:12:03 (1541 turns).

JakoBeide the Skirmisher (DsAK)                     Turns: 1541, Time: 00:12:03

Health: -1/29      AC:  7    Str: 13    XL:     3   Next: 16%
Magic:  5/5        EV: 11    Int: 13    God:    Lugonu [*.....]
Gold:   16         SH:  0    Dex: 12    Spells: 2/2 levels left

rFire    + . .     SeeInvis .   a - +2 spear
rCold    . . .     Gourm    .   (no shield)
rNeg     . . .     Faith    .   i - +1 scale mail {rF+}
rPois    .         Spirit   .   (no helmet)
rElec    .         Reflect  .   (no cloak)
rCorr    .         Harm     .   (no gloves)
MR       .....     Rnd*Tele +   (no boots)
Stlth    +.........             (no amulet)
HPRegen  0.09/turn              h - ring of teleportation
MPRegen  0.09/turn              t - ring of flight

@: no status effects
A: repulsion field 1, nightstalker 1
a: Depart the Abyss, Renounce Religion, Evoke Flight


You were on level 2 of the Dungeon.
You worshipped Lugonu.
Lugonu was aware of your devotion.
You were not hungry.

You visited 1 branch of the dungeon, and saw 2 of its levels.
You visited the Abyss 1 time.

You collected 16 gold pieces.

Inventory:

Hand Weapons
 a - a +2 spear (weapon)
 d - a +0 club
 e - a +0 hunting sling
 f - a +0 dagger
 g - a +0 hand axe
 j - a +0 club
 k - a +0 whip
 l - a +0 dagger
 n - a +0 club
 o - a cursed +0 club
 p - a +0 dagger
 q - a +0 short sword
 w - a +0 dagger
 y - a +0 dagger
Missiles
 m - 83 stones (quivered)
Armour
 b - a +0 leather armour
 i - a +1 scale mail of fire resistance (worn)
 x - a +0 robe
Jewellery
 h - a ring of teleportation (left hand)
 t - a ring of flight (right hand)
Scrolls
 u - a scroll of identify {unknown}
 v - a scroll of remove curse
Potions
 r - a potion of invisibility {unknown}
 s - a potion of flight {unknown}
 z - a potion of magic {unknown}
Comestibles
 c - a ration


   Skills:
 + Level 3.4 Fighting
 + Level 2.1 Polearms
 + Level 2.3 Armour
 + Level 1.0 Dodging
 + Level 2.8 Invocations


You had 2 spell levels left.
You didn't know any spells.
Your spell library was empty.

Dungeon Overview and Level Annotations

Branches:
Dungeon (2/15)

Altars:


Innate Abilities, Weirdness & Mutations

You are surrounded by a mild repulsion field. (EV +2)
You are slightly more attuned to the shadows.


Message History

You hit the worm.
The worm is lightly wounded.
You completely miss the worm.
The worm is lightly wounded.
The worm bites you!
You hit the worm.
The worm is moderately wounded.
You hit the worm.
The worm is heavily wounded.
The worm bites you!
* * * LOW HITPOINT WARNING * * *
You hit the worm.
The worm is severely wounded.
The worm bites you but does no damage.
You barely miss the worm.
The worm is severely wounded.
Your scale mail prevents you from hitting the worm.
The worm is severely wounded.
The worm bites you!
You die...

#.##
(..#
..#
..#
#.#
#w#
#@#
#.#
#.#
##.#
#..#
#.##
#.#
#<#
#.#


You could see a worm.

Vanquished Creatures
  2 leopard geckos (D:1)
  4 goblins (D:1)
  5 hobgoblins (D:1)
  5 bats (D:1)
  2 frilled lizards (D:1)
  11 kobolds (D:1)
  2 rats (D:1)
  2 bushes (D:1)
  A plant (D:1)
34 creatures vanquished.

Vanquished Creatures (others)
  2 plants (D:1)
2 creatures vanquished.

Grand Total: 36 creatures vanquished

Notes
Turn   | Place    | Note
-------+----------+-------------------------------------------
     0 | Abyss:1  | JakoBeide the Demonspawn Abyssal Knight began the quest for
                  | the Orb.
     0 | Abyss:1  | Reached XP level 1. HP: 18/18 MP: 2/2
     0 | D:1      | Escaped the Abyss
    29 | D:1      | Reached * piety under Lugonu
   151 | D:1      | Gained mutation: You are surrounded by a mild repulsion
                  | field. (EV +2) [demonic ancestry]
   151 | D:1      | Reached XP level 2. HP: 24/24 MP: 4/4
   971 | D:1      | Reached skill level 1 in Dodging
  1025 | D:1      | Gained mutation: You are slightly more attuned to the
                  | shadows. [demonic ancestry]
  1025 | D:1      | Reached XP level 3. HP: 24/29 MP: 5/5
  1541 | D:2      | Slain by a worm

Illustrated notes

Levels and vault maps discovered:
D:1:      ncdulo_watergridlock, layout_basic, lexackson_kobold_supper
D:2:      layout_loops_corners, lemuel_crystal_altar, old_standard_altar,
          gammafunk_temple_overflow_wave, uniq_terence

Skill      XL: |  1  2 |
---------------+-------+-----
Armour         | 2 |  2.3
Polearms       | 2 |  2.1
Dodging        | 1 |  1.0
Fighting       | |  3.4
Invocations    | |  2.8

Action                   || total
-------------------------++-------
Melee: Spear             ||   303
Invok: Depart the Abyss  ||     1
 Abil: Evoke Flight      ||     1
  Use: Potion            ||     1
       Scroll            ||     2
  Eat: Ration            ||     1
Armor: Leather armour    ||    23
       Scale mail        ||    38
Dodge: Dodged            ||   107
